Map: Eternal Empire LE

Players

Couguar

  • Race: Protoss Protoss
  • League: Grandmaster
  • Spawn Location: 7:00

LiquidClem (Clem) - Winner!

  • Race: Terran Terran
  • League: Grandmaster
  • Spawn Location: 1:00

Event: DreamHack SC2 Masters 2020 Fall

VOD

Have the link to the VOD?

Description

Time

  • Played on: Aug. 28, 2020, 12:30 p.m.
  • Length: 8:49

All games in this series

Show
View Real Time Build Order
Export as new Build Order

Couguar Protoss 

Build Orders:  

Get SALT Encoding   

  12  0:01  Probe  
  13  0:13  Probe  
  14  0:18  Pylon  
  14  0:25  Probe  
  15  0:35  Pylon  
  15  0:37  Probe  
  16  0:53  Gateway  
  16  0:57  Gateway  
  16  1:01  Probe  
  17  1:07  Assimilator  
  17  1:13  Probe  
  17  1:16  Assimilator  
  18  1:25  Probe  
  19  1:37  Probe  
  20  1:43  Cybernetics Core  
  20  1:45  Zealot (Chrono Boost)  
  22  1:48  Zealot (Chrono Boost)  
  22  1:53  Probe  
  25  2:03  Zealot (Chrono Boost)  
  27  2:10  Pylon  
  27  2:20  Stalker (Chrono Boost)  
  31  2:36  Stalker (Chrono Boost)  
  29  2:42  Stalker (Chrono Boost)  
  29  3:00  Stargate  
  27  3:13  Pylon  
  27  3:19  Probe  
  28  3:31  Probe  
  27  3:35  Void Ray (Chrono Boost)  
  27  3:36  Shield Battery  
  27  3:38  Shield Battery  
  27  3:45  Warp Gate  
  31  3:57  Stalker x2  
  35  4:03  Shield Battery  
  35  4:14  Shield Battery, Probe  
  34  4:26  Probe  
  34  4:29  Void Ray  
  39  4:56  Probe  
  39  4:58  Twilight Council  
  36  5:09  Probe  
  35  5:23  Gateway  
  35  5:34  Stalker x2  
  39  5:39  Blink (Chrono Boost)  
  39  5:55  Nexus  
  39  6:03  Stalker  
  41  6:07  Stalker  
  41  6:10  Probe  
  44  6:17  Pylon  
  44  6:24  Stalker  
  46  6:37  Probe  
  47  6:42  Pylon  
  47  6:45  Stalker  
  49  6:49  Probe  
  49  6:53  Stalker  
  48  7:04  Stalker  
  49  7:09  Probe (Chrono Boost)  
  49  7:10  Probe (Chrono Boost)  
  50  7:18  Probe (Chrono Boost)  
  50  7:21  Dark Shrine, Probe (Chrono Boost)  
  52  7:29  Probe (Chrono Boost)  
  53  7:31  Assimilator  
  53  7:34  Probe (Chrono Boost)  
  54  7:37  Stalker  
  54  7:41  Probe (Chrono Boost)  
  58  7:50  Pylon  
  59  7:56  Stalker x2  
  59  8:00  Probe x2  
  60  8:11  Stalker  
  62  8:14  Probe  
  62  8:17  Probe  
  63  8:26  Probe  
Show
View Real Time Build Order
Export as new Build Order

LiquidClem Terran - Winner!

Build Orders: Reaper Expand 

Get SALT Encoding   

  12  0:00  SCV  
  13  0:12  SCV  
  14  0:17  Supply Depot  
  14  0:24  SCV  
  15  0:39  SCV  
  15  0:40  Barracks  
  16  0:44  Refinery  
  16  0:51  SCV  
  17  1:03  SCV  
  18  1:15  SCV  
  19  1:27  Orbital Command, Reaper  
  20  1:43  Command Center  
  20  1:50  Supply Depot  
  20  1:59  Bunker  
  20  2:02  Marine  
  21  2:13  Factory  
  21  2:19  Marine  
  22  2:24  SCV  
  20  2:33  Bunker  
  20  2:36  SCV  
  21  2:37  Marine  
  22  2:48  SCV  
  23  2:55  Marine  
  23  3:01  SCV  
  23  3:05  Orbital Command  
  24  3:15  Factory Tech Lab, Marine  
  24  3:16  SCV  
  24  3:28  SCV  
  24  3:31  SCV  
  24  3:34  Cyclone  
  27  3:37  Marine  
  27  3:40  SCV  
  29  3:46  Starport  
  29  3:48  Refinery  
  29  3:54  SCV, Marine  
  31  3:59  SCV  
  32  4:04  Engineering Bay  
  32  4:12  Marine  
  32  4:13  SCV  
  36  4:24  Bunker  
  36  4:25  Viking  
  36  4:27  Cyclone  
  36  4:28  SCV  
  36  4:31  Marine  
  38  4:42  Supply Depot  
  38  4:49  Marine  
  38  4:50  Orbital Command  
  37  4:58  Viking, Supply Depot  
  38  5:01  Widow Mine  
  38  5:02  SCV  
  38  5:07  Marine  
  42  5:15  SCV  
  42  5:18  SCV  
  44  5:24  Marine  
  44  5:28  SCV  
  46  5:33  Siege Tank  
  46  5:35  SCV  
  50  5:42  Marine  
  50  5:49  Missile Turret  
  51  5:50  SCV x2  
  51  5:52  Barracks  
  51  5:55  Orbital Command  
  52  6:00  Marine  
  52  6:01  Viking  
  55  6:10  Siege Tank  
  59  6:11  SCV  
  59  6:15  Supply Depot  
  59  6:18  Marine  
  60  6:21  SCV  
  60  6:23  SCV  
  62  6:31  Bunker  
  62  6:36  Medivac, SCV x2, Marine  
  67  6:40  Supply Depot  
  67  6:41  Barracks Tech Lab  
  67  6:48  SCV  
  67  6:52  SCV  
  67  6:54  Marine  
  69  7:00  SCV  
  66  7:03  Stimpack, Marine  
  66  7:04  SCV  
  66  7:07  Missile Turret  
  66  7:08  Supply Depot  
  68  7:11  Marine  
  68  7:12  SCV  
  70  7:17  SCV  
  70  7:18  Supply Depot  
  70  7:21  Marine  
  70  7:22  Starport Reactor  
  72  7:23  Siege Tank  
  72  7:25  SCV  
  72  7:29  SCV, Marine  
  78  7:31  Supply Depot  
  78  7:37  SCV  
  79  7:39  Marine  
  79  7:41  Refinery  
  79  7:46  SCV  
  79  7:47  Marine  
  81  7:54  Command Center  
  81  8:02  Siege Tank  
  81  8:03  Refinery  
  81  8:04  SCV  
  85  8:09  Marine  
  86  8:13  Marauder  
  86  8:15  Supply Depot  
  86  8:16  Barracks, SCV x2  
  86  8:28  SCV  
  86  8:31  Supply Depot  
  86  8:35  SCV  

Tags
 
Add a new tag
Caveats
  • Supply blocks, unpowered buildings, or Contaminate may cause inaccurate times.
  • Supply counts are checked every 10 seconds.